 Dungeon Crawl Stone Soup version 0.29-a0-422-gafbd6decc1 (webtiles) character file.

Game seed: 14409519001780979245

13532 RepHenryClay the Basher (level 11, 0/72 HPs)
             Began as a Demonspawn Gladiator on May 18, 2022.
             Was a High Priest of Okawaru.
             Shot with an arrow by a centaur warrior (5 damage)
             ... on level 10 of the Dungeon.
             The game lasted 00:21:46 (11436 turns).

RepHenryClay the Basher (Demonspawn Gladiator)     Turns: 11436, Time: 00:21:46

Health: 0/72       AC: 27    Str: 19    XL:     11   Next: 76%
Magic:  14/14      EV: 12    Int: 13    God:    Okawaru [*****.]
Gold:   1102       SH:  0    Dex: 18    Spells: 10/10 levels left

rFire   + . .      SeeInvis +   a - +2 flail (protect)
rCold   . . .      Faith    .   (no shield)
rNeg    . . .      Spirit   .   M - +0 swamp dragon scales
rPois   +          Reflect  .   (helmet restricted)
rElec   .          Harm     .   K - +0 cloak
rCorr   +          Rampage  +   P - +0 pair of gloves of the Gate {Int+4 Dex+3}
Will    .....                   O - +1 pair of boots "Gesm" {Rampage}
Stlth   +.........              (no amulet)
HPRegen 0.22/turn               n - ring of see invisible
MPRegen 0.14/turn               c - ring of protection from fire

@: under a protective aura, studying Unarmed Combat
A: horns 2, yellow scales 3, powered by death 1, spiny 1
a: Renounce Religion, Heroism, Finesse, Duel


You were on level 10 of the Dungeon.
You worshipped Okawaru.
Okawaru was extremely pleased with you.
You visited 1 branch of the dungeon, and saw 10 of its levels.
You also visited: Ossuary and Bailey.

You collected 1102 gold pieces.

Inventory:

Hand Weapons
 a - a +2 flail of protection (weapon)
 j - a +1 whip of flaming
 E - a +2 vorpal flail
Missiles
 d - 6 throwing nets
 e - 11 javelins
 l - 16 poisoned darts
 r - 3 curare-tipped darts (quivered)
 B - 4 datura-tipped darts
 J - 6 atropa-tipped darts
Armour
 s - a +2 leather armour of fire resistance
 C - a +0 pair of gloves
 K - a +0 cloak (worn)
 M - +0 swamp dragon scales (worn)
 O - the +1 pair of boots "Gesm" (worn) {Rampage}
   (You found it on level 10 of the Dungeon)

   Rampage:   It bestows one free step when moving towards enemies.
 P - the +0 pair of gloves of the Gate (worn) {Int+4 Dex+3}
   (Okawaru gifted it to you on level 10 of the Dungeon)

   Int:       It affects your intelligence (+4).
   Dex:       It affects your dexterity (+3).
Jewellery
 c - a ring of protection from fire (right hand)
 h - a ring of ice
 n - a ring of see invisible (left hand)
Wands
 i - a wand of flame (3)
 m - a wand of acid (4)
 z - a wand of iceblast (10)
 H - a wand of digging (5)
Scrolls
 b - 2 scrolls of magic mapping
 f - 2 scrolls of enchant armour
 t - 6 scrolls of teleportation
 v - 2 scrolls of immolation
 w - 2 scrolls of amnesia
 x - 3 scrolls of poison
 y - a scroll of fear
 A - a scroll of torment {unknown}
 G - a scroll of identify {@r1}
 I - a scroll of fog
Potions
 g - 3 potions of might
 k - a potion of haste
 o - 5 potions of curing
 p - 4 potions of heal wounds
 q - a potion of ambrosia
 u - 4 potions of mutation
 D - a potion of magic
 F - a potion of brilliance
 L - a potion of attraction
 N - a potion of cancellation {unknown}


   Skills:
 + Level 2.1 Fighting
 - Level 12.4 Maces & Flails
 - Level 1.7 Throwing
 - Level 12.1 Armour
 + Level 2.8 Dodging
 - Level 5.1 Invocations


You had 10 spell levels left.
You didn't know any spells.
Your spell library contained the following spells:

 Spells                   Type           Power      Damage    Failure   Level
 Magic Dart               Conj           0%         1d3       43%         1
 Pain                     Necr           0%         1d4       43%         1
 Searing Ray              Conj           0%         2d4       56%         2
 Conjure Flame            Conj/Fire      0%         6-21      80%         3
 Ignite Poison            Fire/Tmut/Pois 0%         N/A       80%         3
 Mephitic Cloud           Conj/Pois/Air  0%         N/A       80%         3
 Vampiric Draining        Necr           0%         2d6       80%         3
 Fulminant Prism          Conj/Hex       0%         3d6       99%         4
 Ice Form                 Ice/Tmut       0%         N/A       99%         4
 Sticky Flame             Conj/Fire      0%         2d3       99%         4
 Blade Hands              Tmut           0%         N/A       100%        5
 Freezing Cloud           Conj/Ice/Air   0%         6-21      100%        5
 Iron Shot                Conj/Erth      0%         9d1       100%        6
 Animate Skeleton         Necr           Unusable   N/A       N/A         1
 Summon Small Mammal      Summ           Unusable   N/A       N/A         1
 Call Imp                 Summ           Unusable   N/A       N/A         2
 Call Canine Familiar     Summ           Unusable   N/A       N/A         3
 Summon Guardian Golem    Hex/Summ       Unusable   N/A       N/A         3
 Animate Armour           Summ/Erth      Unusable   N/A       N/A         4
 Simulacrum               Ice/Necr       Unusable   N/A       N/A         6

Dungeon Overview and Level Annotations

Branches:
Dungeon (10/15)            Temple (0/1) D:7             Orc (0/2) D:10
Ossuary (visited)          Bailey (visited)
   Lair: D:8-11

Altars:
Gozag
Nemelex Xobeh
Okawaru
Ru
Xom
The Shining One

Shops:
D:1 (


Innate Abilities, Weirdness & Mutations

You have a pair of horns on your head.
You are completely covered in yellow scales. (AC +4, rCorr)
You regenerate a little health from kills.
You are partially covered in sharp spines.


Message History

Damage: -10%(-7hp) hp: 88%(63hp)
You barely miss the efreet. You punch the efreet.
The efreet is moderately wounded.
The efreet hits you with a +4 scimitar of flaming!
The efreet burns you.
Damage: -17%(-12hp) hp: 71%(51hp)
You hit the efreet but do no damage.
The efreet is moderately wounded.
The efreet barely misses you.
You sock the efreet!
The efreet is severely wounded.
A centaur warrior comes into view.
The centaur warrior shouts!
You hit the efreet but do no damage.
The efreet is severely wounded.
The centaur warrior wields a +0 shortbow.
The centaur warrior shoots an arrow.
The arrow hits you. The efreet gestures at you.
The fireball explodes!
The fireball engulfs you! You resist.
The fireball engulfs the efreet.
The efreet completely resists.
You hear a bark!
You hear an angry buzzing noise.
You hit the efreet. You headbutt the efreet.
The efreet is almost dead.
The centaur warrior shoots an arrow.
The arrow hits you.
* * * LOW HITPOINT WARNING * * *
The efreet gestures at you.
The fireball explodes!
The fireball engulfs you. You resist.
* * * LOW HITPOINT WARNING * * *
The fireball engulfs the efreet.
The efreet completely resists.
Unknown command.
Huge Dmg: -41%(-30hp) hp: 30%(21hp)
You hit the efreet but do no damage.
The efreet is almost dead.
The centaur warrior shoots an arrow.
The arrow completely misses you.
The efreet hits you with a +4 scimitar of flaming!
* * * LOW HITPOINT WARNING * * *
The efreet burns you.
* * * LOW HITPOINT WARNING * * *
The centaur warrior shoots an arrow.
The arrow hits you.
You die...

......#.##.###..##.†##..#..##.##.##
......#.#..#..##.)##.###.###..##.#
......#.#..#..##..##.#.#†.#.##.#.##
......#.#..###..##..##..##..#..#...
.##.###....#####.##################
###...#.<..##.....####,,,,,,,,,#...
#####.#....##.###..○.#,*,*,*,*,#...
...........##.#)#R##.#,,,,,,,,,#...
##.##......#.....@|#,#*,,,,,,,*#...
#.#####...#.##.))##,,,*,,*,,*,#...
#.# #...#,#)...c,,***,,,,,**#...
#.# ###.#,##.#.#.**,,,,,,,,,#...
##.######..#,,..###.#*,,,*,*,,,#...
.#.#.....<.#*##.,,,,#*,,,*,*,,,#...
##.#####...###################*####
#.# #...##.......##.......####.#
#.# #...#..#####..#.#.......##.#


You could see a centaur warrior and an efreet (strong).

Vanquished Creatures
  Erolcha (D:10)
  3 two-headed ogres
  A swamp dragon (D:10)
  A cyclops (D:10)
  A kobold demonologist (D:10)
  A komodo dragon (D:10)
  A troll (D:10)
  Prince Ribbit (D:6)
  A wraith (D:10)
  3 wyverns
  Sigmund (D:4)
  3 shadows
  14 yaks
  Grum (Bailey)
  A steam dragon (D:8)
  An acid dragon (D:10)
  2 water moccasins
  5 orc warriors
  4 sky beasts
  3 ice beasts
  An ogre (D:7)
  6 centaurs
  5 wolves (Bailey)
  A phantom (D:5)
  A kobold brigand (D:9)
  4 bullfrogs
  6 scorpions
  8 gnoll sergeants
  4 necrophages
  4 wights (D:7)
  4 killer bees
  7 howler monkeys
  A jelly (D:7)
  6 hounds
  9 gnoll shamans
  5 orc priests
  Crazy Yiuf (D:7)
  Ijyb (D:5)
  2 iguanas
  12 orc wizards
  12 mummies (Ossuary)
  9 adders
  18 gnolls
  A white imp (D:7)
  An ufetubus (D:5)
  An adder skeleton (D:2)
  3 worms
  5 dart slugs
  16 orcs
  5 bats
  A bat zombie (D:2)
  8 endoplasms
  2 giant cockroaches
  7 hobgoblins
  15 jackals
  2 quokkas
  6 ball pythons
  2 ball python skeletons (D:2)
  2 ball python zombies (D:2)
  8 frilled lizards
  3 gnoll skeletons (Ossuary)
  10 goblins
  2 goblin skeletons (Ossuary)
  A jackal zombie (D:2)
  15 kobolds
  2 kobold skeletons (Ossuary)
  An orc skeleton (Ossuary)
  A quokka zombie (D:2)
  7 rats
  11 rat skeletons (Ossuary)
314 creatures vanquished.

Vanquished Creatures (others)
  2 plants (D:3)
  4 withered plants (D:2)
6 creatures vanquished.

Grand Total: 320 creatures vanquished

Notes
Turn   | Place    | Note
-------+----------+-------------------------------------------
     0 | D:1      | RepHenryClay the Demonspawn Gladiator began the quest for
                  | the Orb.
     0 | D:1      | Reached XP level 1. HP: 16/16 MP: 1/1
    64 | D:1      | Reached skill level 1 in Armour
    64 | D:1      | Gained mutation: You are partially covered in yellow
                  | scales. (AC +2) [demonic ancestry]
    64 | D:1      | Reached XP level 2. HP: 15/22 MP: 2/2
   291 | D:1      | Found Tiguf's Weapon Boutique.
   515 | D:1      | Found a faded altar of an unknown god.
   553 | D:1      | Gained mutation: You are partially covered in sharp spines.
                  | [demonic ancestry]
   553 | D:1      | Reached XP level 3. HP: 23/27 MP: 3/3
  1144 | D:2      | Found a shimmering altar of Xom.
  1185 | D:2      | Reached XP level 4. HP: 31/33 MP: 4/4
  2131 | D:3      | Found an opulent altar of Gozag.
  2154 | D:3      | You fall into a shaft and drop 2 floors!
  2154 | D:5      | Entered Level 5 of the Dungeon
  2198 | D:5      | Noticed Ijyb
  2208 | D:5      | Killed Ijyb
  2209 | D:5      | Gained mutation: You are mostly covered in yellow scales.
                  | (AC +3) [demonic ancestry]
  2209 | D:5      | Reached XP level 5. HP: 29/38 MP: 5/5
  2221 | D:5      | Noticed a phantom
  2249 | D:5      | Killed a phantom
  2250 | D:5      | Reached XP level 6. HP: 23/44 MP: 6/6
  2445 | D:5      | Reached skill level 5 in Maces & Flails
  2588 | D:5      | Noticed a wyvern
  2780 | D:4      | Noticed Sigmund
  2792 | D:4      | Killed Sigmund
  2793 | D:4      | Gained mutation: You regenerate a little health from kills.
                  | [demonic ancestry]
  2793 | D:4      | Reached XP level 7. HP: 47/50 MP: 7/7
  2836 | D:4      | Found a sand-covered staircase.
  2845 | Ossuary  | Entered an ossuary
  2961 | Ossuary  | Reached skill level 5 in Armour
  3606 | D:4      | Found a sparkling altar of Nemelex Xobeh.
  3608 | D:4      | Found an iron altar of Okawaru.
  3635 | D:4      | Became a worshipper of Warmaster Okawaru
  4052 | D:4      | Gained mutation: You have a pair of small horns on your
                  | head. [demonic ancestry]
  4052 | D:4      | Reached XP level 8. HP: 56/56 MP: 8/8
  4543 | D:5      | Reached * piety under Okawaru
  4841 | D:5      | Reached skill level 5 in Invocations
  5319 | D:6      | Found a sacrificial altar of Ru.
  5708 | D:6      | Noticed Prince Ribbit
  5722 | D:6      | Killed Prince Ribbit
  5723 | D:6      | Reached XP level 9. HP: 61/61 MP: 12/12
  5809 | D:6      | Reached ** piety under Okawaru
  6050 | D:7      | Found a staircase to the Ecumenical Temple.
  6501 | D:7      | Found a runed translucent door.
  6502 | D:7      | Noticed Crazy Yiuf
  6919 | D:7      | Reached *** piety under Okawaru
  7045 | D:7      | Received a gift from Okawaru
  7300 | D:7      | Killed Crazy Yiuf
  7444 | D:8      | Gained mutation: You are completely covered in yellow
                  | scales. (AC +4, rCorr) [demonic ancestry]
  7444 | D:8      | Reached XP level 10. HP: 66/67 MP: 13/13
  7624 | D:8      | Noticed a two-headed ogre
  7633 | D:8      | Killed a two-headed ogre
  7811 | D:8      | Reached skill level 10 in Maces & Flails
  8229 | D:9      | Reached **** piety under Okawaru
  8580 | D:9      | Noticed a two-headed ogre
  8592 | D:9      | Killed a two-headed ogre
  8593 | D:9      | Reached skill level 10 in Armour
  8645 | D:9      | Noticed a green ugly thing
  9089 | D:9      | Reached ***** piety under Okawaru
  9100 | D:9      | Gained mutation: You have a pair of horns on your head.
                  | [demonic ancestry]
  9100 | D:9      | Reached XP level 11. HP: 68/72 MP: 14/14
  9268 | D:10     | Entered Level 10 of the Dungeon
  9360 | D:10     | Found a flagged portal.
  9364 | D:10     | Found a staircase to the Orcish Mines.
  9381 | Bailey   | Entered a bailey
  9837 | Bailey   | Got the Grimoire of Creative Cold
  9889 | Bailey   | Noticed Grum
  9913 | Bailey   | Killed Grum
 10429 | D:10     | Noticed Erolcha
 10435 | D:10     | Killed Erolcha
 10646 | D:10     | Noticed a swamp dragon
 10663 | D:10     | Killed a swamp dragon
 10857 | D:10     | Identified the +1 pair of boots "Gesm" {Rampage}
 10935 | D:10     | Noticed a soul eater
 10936 | D:10     | Received a gift from Okawaru
 11013 | D:10     | Noticed a two-headed ogre
 11035 | D:10     | Received a gift from Okawaru
 11053 | D:10     | Killed a two-headed ogre
 11053 | D:10     | Identified the +0 pair of gloves of the Gate {Int+4 Dex+3}
                  | (Okawaru gifted it to you on level 10 of the Dungeon)
 11053 | D:10     | Received a gift from Okawaru
 11433 | D:10     | Noticed a centaur warrior
 11436 | D:10     | Shot with an arrow by a centaur warrior

Illustrated notes

Levels and vault maps discovered:
D:1:      minmay_arrival_stone_box, layout_rooms,
          dreamdust_ecumenical_altar_sealed_demon, serial_shops,
          nicolae_shop_bloodbath_and_beyond
D:2:      cheibrodos_helix_gallery, layout_loops_ring, basic_altar,
          serial_undead, serial_undead_d, serial_undead_b, serial_undead_b,
          serial_undead_f, serial_undead_d, serial_undead_d
D:3:      layout_rooms, nicolae_overflow_crystal_walls, nicolae_grassy_gnolls
D:4:      layout_basic, jmf_multi_god_temple, nicolae_ossuary_entry_ruins,
          uniq_sigmund
D:5:      layout_basic, abandoned_shop, nicolae_figureground_sparkle, uniq_ijyb
D:6:      layout_gridville, mainiacjoe_overflow_24_doors, hex_medium,
          minmay_door_square, uniq_prince_ribbit1
D:7:      layout_basic, minmay_temple_entry_glass, minmay_manual_mail,
          uniq_crazy_yiuf_cottage
D:8:      layout_basic
D:9:      layout_gridville
D:10:     minmay_the_grid_3x3 [minmay_the_grid_dragon_b,
          minmay_the_grid_zigzag_pyramid, minmay_the_grid_stretched_grid,
          minmay_the_grid_small_cups, minmay_the_grid_empty,
          minmay_the_grid_minigrid_medium, minmay_the_grid_all_tris,
          minmay_the_grid_minigrid_large, minmay_the_grid_prize_big_room],
          layout_cave_pools, mainiacjoe_overflow_swirl, tso_altar,
          enter_bailey_5, serial_co_window_serial, co_window_of_opportunity_a,
          co_window_corner_a, co_window_cross_1, co_window_of_opportunity_a,
          co_window_of_opportunity_a, co_window_cross_2, co_window_corner_b,
          co_window_corner_b, co_window_paths_c, glass_columns_a,
          glass_columns_b, glass_columns_a, glass_columns_b, uniq_erolcha

Skill      XL: |  1  2  3  4  5  6  7  8  9 10 11 |
---------------+----------------------------------+-----
Maces & Flails | 3 4 5 6 7 9 11 12 | 12.4
Armour         | 1 2 3 4 5 7 8 10 12 | 12.1
Invocations    | 5 |  5.1
Fighting       | |  2.1
Throwing       | |  1.7
Dodging        | |  2.8

Action                   |  1- 3 |  4- 6 |  7- 9 | 10-12 || total
-------------------------+-------+-------+-------+-------++-------
Melee: Flail             |    79 |       |    90 |   425 ||   594
       Punch             |     3 |       |     3 |    14 ||    20
       Whip              |    45 |    97 |   279 |       ||   421
       Headbutt          |       |       |    35 |   107 ||   142
Throw: Dart              |       |     8 |    19 |    11 ||    38
Invok: Heroism           |       |       |     1 |    10 ||    11
Evoke: Wand              |       |       |     4 |    10 ||    14
  Use: Scroll            |       |     9 |     3 |    10 ||    22
       Potion            |       |       |       |     4 ||     4
 Stab: Sleeping          |       |     1 |       |       ||     1
Armor: Leather armour    |    51 |    37 |       |       ||    88
       Ring mail         |       |     2 |    84 |   220 ||   306
       Scale mail        |       |       |    16 |       ||    16
       Swamp dragon scal |       |       |       |    48 ||    48
Dodge: Dodged            |   101 |    52 |   150 |   317 ||   620

Table legend: (Time is in decaauts)
 A = Elapsed time spent in this place.
 B = Non-inter-level travel time spent in this place.
 C = Inter-level travel time spent in this place.
 D = Time resting spent in this place.
 E = Time spent auto-exploring this place.
 F = Levels seen in this place.
 G = Mean time per level.
                   A        B        C        D        E       F      G
               +--------+--------+--------+--------+--------+-----+--------+
         Total |  11280 |  10978 |    302 |    473 |   8251 |  12 |  940.0 |
       Dungeon |   9848 |   9546 |    302 |    473 |   7233 |  10 |  984.8 |
       Ossuary |    714 |    714 |      0 |      0 |    540 |   1 |  714.0 |
        Bailey |    717 |    717 |      0 |      0 |    478 |   1 |  717.0 |
               +--------+--------+--------+--------+--------+-----+--------+

Top non-repeatable levels by time:
    D:10: 1392 daAuts
     D:7: 1299 daAuts
     D:6: 1167 daAuts
     D:2: 1064 daAuts
     D:5: 1040 daAuts
     D:9: 1024 daAuts
     D:8: 862 daAuts
     D:1: 752 daAuts
  Bailey: 717 daAuts
 Ossuary: 714 daAuts
     D:3: 637 daAuts
     D:4: 607 daAuts
